Map: Solaris LE

Players

SubN - Winner!

  • Race: Zerg Zerg
  • League: Diamond
  • Spawn Location: 1:00

chrono

  • Race: Terran Terran
  • League: Diamond
  • Spawn Location: 7:00

VOD

Have the link to the VOD?

Description

Time

  • Played on: Jan. 18, 2024, 6:37 p.m.
  • Length: 14:18
Show
View Real Time Build Order
Export as new Build Order

SubN Zerg - Winner!

Build Orders: Hatch First 

Get SALT Encoding   

  12  0:00  Drone  
  13  0:12  Overlord  
  13  0:19  Drone  
  14  0:30  Drone x2  
  16  0:50  Hatchery  
  16  0:51  Drone  
  16  0:55  Drone  
  17  0:58  Drone  
  18  1:05  Extractor  
  17  1:13  Spawning Pool  
  17  1:17  Drone  
  17  1:20  Drone  
  18  1:27  Drone  
  19  1:38  Overlord  
  19  1:50  Drone  
  20  2:00  Queen  
  22  2:01  Queen  
  22  2:07  Zergling x4  
  26  2:13  Zergling x2  
  27  2:20  Metabolic Boost  
  27  2:26  Drone x3  
  29  2:47  Queen  
  29  2:49  Drone  
  29  2:51  Drone  
  33  2:54  Hatchery  
  33  2:56  Overlord  
  32  3:01  Overlord  
  32  3:09  Drone x3  
  35  3:16  Drone x2  
  37  3:20  Drone x2  
  39  3:29  Drone x2  
  41  3:35  Roach Warren  
  41  3:38  Queen  
  40  3:43  Lair  
  40  3:53  Drone x5  
  45  3:57  Extractor  
  45  3:58  Extractor  
  43  4:03  Drone x4  
  43  4:07  Extractor  
  46  4:14  Queen  
  48  4:19  Drone x5  
  48  4:22  Drone  
  54  4:26  Queen  
  54  4:28  Overlord  
  56  4:33  Overlord  
  56  4:40  Drone  
  56  4:44  Spire  
  56  4:51  Queen  
  58  4:54  Roach  
  58  4:55  Roach x2  
  58  4:58  Glial Reconstitution  
  64  5:00  Drone  
  64  5:02  Overlord  
  65  5:10  Drone x4  
  65  5:13  Overlord  
  69  5:15  Overseer  
  69  5:18  Overlord  
  69  5:22  Drone x2  
  69  5:23  Drone  
  72  5:31  Drone  
  72  5:35  Baneling Nest  
  72  5:44  Drone  
  72  5:48  Drone x10, Infestation Pit  
  82  5:52  Extractor  
  82  5:53  Extractor  
  80  6:00  Drone x7  
  87  6:05  Drone  
  87  6:08  Overseer  
  87  6:10  Overseer  
  88  6:13  Queen  
  88  6:14  Queen  
  92  6:18  Overlord  
  92  6:19  Overlord x2  
  92  6:29  Overlord x3  
  92  6:32  Hive  
  92  6:33  Zerg Flyer Weapons Level 1  
  92  6:40  Drone  
  92  6:41  Drone  
  92  6:45  Evolution Chamber  
  92  6:46  Overlord x3, Evolution Chamber  
  92  7:00  Hatchery  
  91  7:04  Mutalisk x4  
  91  7:05  Mutalisk x2  
  103  7:09  Overseer  
  103  7:10  Overseer x2, Mutalisk  
  103  7:14  Mutalisk  
  103  7:15  Mutalisk  
  109  7:20  Zerg Melee Weapons Level 1  
  109  7:21  Zerg Ground Armor Level 1  
  109  7:28  Mutalisk  
  111  7:39  Centrifugal Hooks  
  111  7:41  Mutalisk  
  113  7:44  Mutalisk  
  113  7:50  Drone x10  
  113  7:51  Drone x3  
  124  8:19  Corruptor x5  
  124  8:23  Pneumatized Carapace  
  124  8:25  Extractor  
  129  8:27  Extractor  
  128  8:35  Overlord  
  128  8:36  Overlord x5  
  128  8:37  Overlord x3  
  128  8:39  Overseer x2  
  128  8:40  Overseer  
  128  8:42  Neural Parasite  
  128  8:46  Overlord x3  
  128  8:54  Queen, Viper  
  134  9:02  Drone  
  134  9:03  Drone x5  
  134  9:07  Drone  
  140  9:13  Ultralisk Cavern  
  140  9:14  Zerg Flyer Weapons Level 2  
  139  9:18  Zergling x2  
  139  9:19  Zergling x26  
  139  9:21  Zerg Melee Weapons Level 2  
  153  9:32  Baneling x2  
  153  9:34  Zerg Ground Armor Level 2  
  153  9:40  Adrenal Glands  
  153  9:49  Viper  
  156  9:55  Drone  
  157  10:05  Hatchery  
  157  10:06  Evolution Chamber  
  141  10:23  Ultralisk x3  
  141  10:24  Corruptor  
  160  10:31  Viper  
  163  10:38  Zergling x26  
  169  10:57  Baneling x4  
  169  10:58  Baneling x2  
  169  10:59  Baneling x6  
  169  11:01  Baneling  
  169  11:02  Baneling x9  
  130  11:23  Viper  
  128  11:28  Zergling x2  
  128  11:29  Zergling x24  
  141  11:34  Queen  
  143  11:47  Ultralisk  
  143  11:48  Ultralisk  
  143  11:49  Viper  
  143  11:51  Hatchery  
  157  11:55  Extractor x2  
  138  12:17  Zergling x2  
  138  12:18  Zergling x24  
  150  12:29  Drone x2  
  152  12:30  Drone  
  152  12:31  Drone  
  152  12:32  Chitinous Plating  
  154  12:48  Baneling x5  
  154  12:49  Baneling x6  
  151  13:03  Zergling x4  
  151  13:04  Zergling x30  
  164  13:07  Queen  
  157  13:26  Mutalisk x5  
  159  13:31  Zergling x2  
  159  13:32  Zergling x8  
  159  13:40  Overlord x4  
  156  13:41  Zergling x6  
  156  13:42  Zergling x10  
Show
View Real Time Build Order
Export as new Build Order

chrono Terran 

Build Orders: 2 Factory, Hellion Opening, Reaper Expand 

Get SALT Encoding   

  12  0:00  SCV  
  13  0:19  Supply Depot  
  13  0:24  SCV  
  14  0:36  SCV  
  15  0:43  Barracks  
  15  0:48  SCV  
  16  0:50  Refinery  
  16  1:01  SCV  
  17  1:14  SCV  
  18  1:26  SCV  
  19  1:34  Reaper  
  19  1:39  Command Center  
  20  1:47  Orbital Command  
  20  1:53  Refinery  
  20  2:11  Factory  
  20  2:14  SCV  
  21  2:24  Barracks Reactor  
  21  2:26  SCV  
  21  2:28  Supply Depot  
  22  2:38  SCV  
  22  2:50  SCV  
  23  2:56  Orbital Command  
  23  3:02  SCV  
  24  3:10  Factory  
  24  3:11  Hellion x2  
  28  3:20  Supply Depot, Orbital Command  
  28  3:32  Hellion x2  
  32  3:48  Marine  
  33  3:51  SCV  
  33  3:53  Hellion x2  
  33  3:54  SCV  
  33  3:55  Factory Tech Lab  
  39  4:03  Starport  
  39  4:04  SCV  
  40  4:35  Barracks  
  40  4:40  SCV  
  40  4:41  SCV  
  40  4:44  Supply Depot  
  42  4:46  Starport Reactor  
  42  4:47  Infernal Pre-Igniter  
  42  4:49  Command Center  
  42  4:52  SCV  
  43  4:53  Siege Tank, SCV  
  43  4:57  Hellion  
  49  5:01  Hellion  
  52  5:07  SCV x2  
  53  5:17  Marine  
  53  5:19  SCV x2  
  56  5:23  Armory  
  56  5:25  Viking  
  56  5:26  Viking  
  60  5:31  SCV  
  61  5:53  Marine  
  62  5:59  Refinery  
  62  6:00  Marine  
  62  6:01  SCV x2  
  62  6:03  Refinery, Orbital Command  
  65  6:06  Viking  
  65  6:07  Viking, Command Center  
  69  6:12  Siege Tank  
  69  6:13  SCV  
  69  6:14  SCV  
  74  6:19  Terran Vehicle And Ship Armor Level 1  
  74  6:25  Supply Depot, SCV  
  75  6:36  Viking  
  77  6:47  Viking  
  79  6:53  Orbital Command  
  79  7:00  Starport  
  79  7:01  Supply Depot  
  79  7:06  Viking  
  81  7:12  Engineering Bay  
  81  7:13  Siege Tank  
  84  7:18  Viking  
  84  7:19  Hellion x2  
  84  7:22  Orbital Command  
  90  7:24  Supply Depot  
  90  7:26  Command Center  
  90  7:39  Starport Reactor  
  90  7:49  Siege Tank  
  93  8:02  Viking x2  
  86  8:21  Siege Tank  
  89  8:32  Viking x2  
  93  8:36  SCV  
  93  8:37  SCV x3  
  93  8:39  Orbital Command  
  97  8:47  Hellion x2  
  97  8:48  Viking x2, SCV  
  104  8:49  SCV x3  
  104  8:50  Marine  
  104  8:51  Marine  
  104  8:53  Hellion  
  113  9:01  Supply Depot  
  113  9:02  Viking x2, Supply Depot, Terran Vehicle And Ship Armor Level 2  
  115  9:08  Hellion, Marine  
  115  9:09  Hellion, Marine  
  123  9:15  Hellion  
  125  9:18  Viking x2  
  125  9:21  Refinery  
  129  9:25  SCV  
  129  9:26  Marine x2, SCV x3  
  129  9:28  SCV  
  129  9:29  Hellion  
  138  9:32  Hellion  
  138  9:36  Supply Depot, Siege Tank  
  138  9:37  SCV  
  138  9:38  SCV x3  
  147  9:39  Refinery  
  147  9:46  Terran Infantry Weapons Level 1  
  147  9:49  Missile Turret  
  147  9:58  Marine x2, SCV x5  
  147  9:59  Missile Turret  
  154  10:03  Missile Turret  
  154  10:10  SCV  
  155  10:15  Missile Turret, Marine, SCV x4  
  155  10:16  Viking  
  155  10:17  Hellion  
  155  10:18  Hellion  
  155  10:19  Missile Turret  
  153  10:23  Missile Turret  
  153  10:24  SCV  
  153  10:27  SCV  
  155  10:35  Missile Turret  
  155  10:39  Missile Turret  
  155  10:43  Missile Turret  
  155  11:00  SCV x2  
  155  11:03  SCV  
  155  11:04  SCV  
  155  11:06  Hellion  
  155  11:09  Hellion  
  155  11:13  Siege Tank  
  81  11:28  Viking  
  81  11:29  Viking x3  
  81  11:30  Hellion  
  81  11:32  Hellion  
  87  11:42  Barracks Tech Lab x2  
  87  11:45  Ghost Academy  
  87  11:58  Viking  
  87  11:59  Viking x3  
  75  12:09  Orbital Command  
  63  12:24  Marine  
  63  12:27  Marauder  
  63  12:28  Viking  
  63  12:29  Viking x3  
  76  12:30  Hellion x3  
  80  12:42  Marauder  
  82  12:44  Personal Cloaking  
  82  12:45  Barracks x2  
  82  12:46  Barracks  
  82  12:47  Barracks  
  82  12:49  Supply Depot  
  84  12:51  Hellion x3  
  76  13:12  Hellion  
  64  13:13  Hellion x2  
  36  13:34  Hellion x3  
  34  13:39  Marine x4  
  30  13:56  Hellion  
  30  13:57  Marine x3  
Tags
 
Add a new tag
Caveats
  • Supply blocks, unpowered buildings, or Contaminate may cause inaccurate times.
  • Supply counts are checked every 10 seconds.